 Dungeon Crawl Stone Soup version 0.21-a0-156-g77413b7 (webtiles) character file.

37 Musica the Firebug (level 3, -1/21 HPs)
             Began as an Octopode Fire Elementalist on Aug 3, 2017.
             Slain by a hobgoblin
             ... wielding a +0 club
             ... led by Robin
              (6 damage)
             ... on level 2 of the Dungeon.
             The game lasted 00:04:47 (1126 turns).

Musica the Firebug (Octopode Fire Elementalist)     Turns: 1126, Time: 00:04:48

Health: -1/21      AC:  1    Str:  7    XL:     3   Next: 41%
Magic:  6/6        EV: 13    Int: 18    God:
Gold:   55         SH:  0    Dex: 12    Spells: 2/6 levels left

rFire    . . .     SeeInvis .   i - +2 dagger (venom)
rCold    . . .     Gourm    .   (no shield)
rNeg     . . .     Faith    .   (helmet restricted)
rPois    .         Spirit   .   (no amulet)
rElec    .         Reflect  .   (no ring)
rCorr    .         Harm     .   (no ring)
MR       .....                  (no ring)
Stlth    +++.......             (no ring)
HPRegen  0.07/turn              (no ring)
MPRegen  0.10/turn              (no ring)
                                (no ring)
                                (no ring)

@: no status effects
A: almost no armour, stealthy swim, amphibious, 8 rings, constrict 8, camouflage
1, gelatinous body 1
a: no special abilities


You were on level 2 of the Dungeon.
You were not hungry.

You visited 1 branch of the dungeon, and saw 2 of its levels.

You collected 55 gold pieces.

Inventory:

Hand Weapons
 i - a +2 dagger of venom (weapon)
Missiles
 d - a throwing net (quivered)
 f - 13 arrows
 j - 14 bolts
Scrolls
 g - a scroll of magic mapping {unknown}
 k - a scroll of fog {unknown}
Potions
 c - 2 potions of curing {unknown}
 e - a potion of agility {unknown}
 h - 2 potions of heal wounds {unknown}
Books
 a - a book of Flames

   Spells                             Type                      Level
   a - Flame Tongue                   Conjuration/Fire             1
   b - Throw Flame                    Conjuration/Fire             2
   c - Conjure Flame                  Conjuration/Fire             3
   d - Inner Flame                    Hexes/Fire                   3
   e - Sticky Flame                   Conjuration/Fire             4
   f - Fireball                       Conjuration/Fire             5
Comestibles
 b - a bread ration


   Skills:
 + Level 0.2 Short Blades
 - Level 2.0 Dodging
 + Level 3.4 Stealth
 + Level 2.2 Spellcasting
 * Level 1.6 Conjurations
 + Level 3.5 Fire Magic


You had 2 spell levels left.
You knew the following spells:

 Your Spells              Type           Power        Failure   Level  Hunger
a - Flame Tongue          Conj/Fire      ##...        6%          1    #......
b - Conjure Flame         Conj/Fire      ##......     19%         3    ###....


Dungeon Overview and Level Annotations

Branches:
Dungeon (2/15)

Altars:
Ashenzari

Annotations:
D:2 Robin, Terence


Innate Abilities, Weirdness & Mutations

You cannot wear most types of armour.
You are very stealthy in the water. (Stealth+)
You are amphibious.
You can wear up to eight rings at the same time.
You can use your tentacles to constrict eight enemies at once.
Your skin changes colour to match your surroundings (Stealth+).
Your rubbery body absorbs attacks. (AC +1, EV +1)


Message History

Magic restored.
You start resting.
HP restored.
There is a stone staircase leading down, spattered with blood here.
You climb downwards.
Level annotation: Robin, Terence A worm comes into view.
The hobgoblin hits you with a club. The hobgoblin closely misses you.
Robin throws the goblin at you! The hobgoblin barely misses you.
The hobgoblin misses you.
The goblin shouts!
A worm comes into view.
There is a stone staircase leading up here.
You see here a stone.
Robin roars a battlecry!
The goblins go into a battle-frenzy!
The goblin hits you with a dagger. The goblin hits you with a club!
* * * LOW HITPOINT WARNING * * *
The hobgoblin hits you with a club.
You die...

## ## .## ..
###.## .#
....## ..
###.#.#.#..##
#..[g@g.....##
#..[gg#.###.##.
. #(..>..K...#
#....### .
#.##.....#.#
#......##### #
#w).g.#...
#.#<.....
#...### #.#
#......@. ..#..
.# ###..####
##.w.. . #..#
....#


You could see 2 worms, Robin, 2 hobgoblins, 2 goblins and a kobold.

Vanquished Creatures
  A worm (D:2)
  A dart slug (D:1)
  A giant cockroach (D:1)
  8 goblins (D:1)
  4 hobgoblins (D:1)
  2 jackals (D:1)
  5 kobolds (D:1)
  A quokka (D:2)
  4 bats (D:1)
  2 rats
29 creatures vanquished.

Notes
Turn   | Place    | Note
-------+----------+-------------------------------------------
     0 | D:1      | Musica the Octopode Fire Elementalist began the quest for the Orb.
     0 | D:1      | Reached XP level 1. HP: 11/11 MP: 3/3
   137 | D:1      | Reached XP level 2. HP: 10/17 MP: 0/5
   300 | D:2      | Noticed Robin
   324 | D:1      | Found a shattered altar of Ashenzari.
   725 | D:1      | Reached XP level 3. HP: 14/21 MP: 6/6
   770 | D:1      | Learned a level 3 spell: Conjure Flame
   944 | D:2      | Noticed Terence
  1126 | D:2      | Slain by a hobgoblin

Vault maps used:
D:1:      elethiomel_arrival_infinity_welcomes_careful_drivers, minivault_26,
          nicolae_ashenzari_panopticon
D:2:      uniq_robin, uniq_terence

Skill      XL: |  1  2 |
---------------+-------+-----
Stealth        | 3 |  3.4
Short Blades   | |  0.2
Dodging        | |  2.0
Spellcasting   | |  2.2
Conjurations   | |  1.6
Fire Magic     | |  3.5

Action                   || total
-------------------------++-------
Melee: Dagger            ||    23
       Unarmed           ||     2
       Constrict         ||     6
       Tentacles         ||     1
 Cast: Flame Tongue      ||    24
       Conjure Flame     ||     1
  Use: Scroll            ||     2
 Stab: Sleeping          ||    10
  Eat: Chunk             ||     1
Armor: Skin              ||     3
Dodge: Dodged            ||    25
